 Dungeon Crawl Stone Soup version 0.29.0-11-gd7f09526c8 (webtiles) character file.

Game seed: 11745972794275236402

841 firemarshallily the Caller (level 8, -4/60 HPs)
             Began as a Merfolk Summoner on Sept 4, 2022.
             Was a High Priest of Jiyva.
             Killed from afar by a steam dragon (23 damage)
             ... with a ball of steam
             ... on level 6 of the Dungeon.
             The game lasted 00:23:06 (4272 turns).

firemarshallily the Caller (Merfolk Summoner)       Turns: 4272, Time: 00:23:07

Health: -4/60      AC:  2    Str: 17    XL:     8   Next: 0%
Magic:  15/15      EV: 12    Int: 14    God:    Jiyva [*****.]
Gold:   257        SH:  0    Dex: 12    Spells: 11/17 levels left

rFire   . . .      SeeInvis .   g - +0 spear
rCold   . . .      Faith    .   (no shield)
rNeg    . . .      Spirit   .   a - +0 robe
rPois   .          Reflect  .   (no helmet)
rElec   .          Harm     .   (no cloak)
rCorr   +          Rampage  .   (no gloves)
Will    .....                   (no boots)
Stlth   ++........              (no amulet)
HPRegen 1.64/turn               m - ring of resist corrosion
MPRegen 0.59/turn               (no ring)

@: no status effects
A: (nimble swimmer 2), mertail, strong 2, eyeballs 1, jelly sensing items
a: Renounce Religion, Oozemancy, Slimify


You were on level 6 of the Dungeon.
You worshipped Jiyva.
Jiyva was extremely pleased with you.
You visited 1 branch of the dungeon, and saw 6 of its levels.
You also visited: Sewer.

You collected 257 gold pieces.

Inventory:

Hand Weapons
 e - a +1 mace of protection
 g - a +0 spear (weapon)
Missiles
 f - 8 poisoned darts
 l - 46 stones
Armour
 a - a +0 robe (worn)
 q - a +0 leather armour
 s - the +2 leather armour of Negation {Will++ Stlth-}
   (You found it on level 5 of the Dungeon)

   Will:      It greatly increases your willpower.
   Stlth:     It makes you less stealthy.
 w - a scarf of shadows
Magical Staves
 i - a staff of air
Jewellery
 m - a ring of resist corrosion (left hand)
 o - an amulet of guardian spirit
Wands
 v - a wand of acid (4)
Scrolls
 d - 2 scrolls of teleportation
 h - 3 scrolls of immolation {unknown}
 k - a scroll of butterflies {unknown}
 r - 2 scrolls of enchant armour {unknown}
 x - a scroll of torment {unknown}
 y - a scroll of noise {unknown}
Potions
 b - a potion of magic
 c - 5 potions of curing
 j - 3 potions of haste {unknown}
 n - a potion of lignification {unknown}
 p - a potion of flight
 t - a potion of heal wounds {unknown}
 u - a potion of cancellation {unknown}
 z - 2 potions of resistance {unknown}


   Skills:
 + Level 3.7 Fighting
 - Level 3.0 Polearms
 - Level 2.6 Dodging
 - Level 2.1 Stealth
 * Level 5.1 Spellcasting
 * Level 6.6 Summonings


You had 11 spell levels left.
You knew the following spells:

 Your Spells              Type           Power      Damage    Failure   Level
a - Summon Small Mammal   Summ           88%        N/A       1%          1
b - Call Imp              Summ           22%        N/A       1%          2
c - Call Canine Familiar  Summ           22%        N/A       3%          3

Your spell library contained the following spells:

 Spells                   Type           Power      Damage    Failure   Level
 Summon Guardian Golem    Hex/Summ       12%        N/A       13%         3
 Freeze                   Ice            12%        1d4       17%         1
 Blink                    Tloc           6%         N/A       26%         2
 Summon Lightning Spire   Summ/Air       12%        N/A       41%         4
 Frozen Ramparts          Ice            6%         1d1       45%         3
 Gell's Gravitas          Tloc           3%         N/A       45%         3
 Lesser Beckoning         Tloc           3%         N/A       45%         3
 Teleport Other           Tloc           3%         N/A       45%         3
 Hailstorm                Conj/Ice       3%         3d3       86%         4
 Manifold Assault         Tloc           3%         N/A       99%         5


Dungeon Overview and Level Annotations

Branches:
Dungeon (6/15)             Temple (0/1) D:4           Sewer (visited)

Altars:
Makhleb
Okawaru
Jiyva
Lugonu

Shops:
D:3 *((:(

Portals:
Abyss: D:3


Innate Abilities, Weirdness & Mutations

((You are very nimble when in or above water. (Stealth+, EV+, Speed+++)))
Your lower body shifts to a powerful aquatic tail in water.
Your muscles are very strong. (Str +8, Int/Dex -2)
Your body has grown eyes which may confuse attackers. (Acc +3)
You have a small jelly attached to you that senses nearby items.


Message History

The steam dragon is heavily wounded.
The steam dragon misses you. The steam dragon barely misses you.
Your hound closely misses the steam dragon.
You hit the steam dragon but do no damage.
The steam dragon is heavily wounded.
Your hound bites the steam dragon but does no damage.
The steam dragon breathes steam at you. The ball of steam hits you!
You hit the steam dragon but do no damage.
The steam dragon is heavily wounded.
You are engulfed in a cloud of scalding steam.
Your hound bites the steam dragon but does no damage.
The steam dragon barely misses you. The steam dragon closely misses you.
Your hound closely misses the steam dragon.
Your hound bites the steam dragon but does no damage.
The steam dragon closely misses you. The steam dragon claws you.
You hit the steam dragon but do no damage.
The steam dragon is heavily wounded.
Your hound bites the steam dragon but does no damage.
The steam dragon bites you! The steam dragon claws you.
Your hound misses the steam dragon.
You hit the steam dragon but do no damage.
The steam dragon is heavily wounded.
The steam dragon breathes steam at you. The ball of steam hits you!
Your hound bites the steam dragon but does no damage.
You are engulfed in a cloud of scalding steam.
Your hound closely misses the steam dragon.
The steam dragon misses you. The steam dragon claws you.
* * * LOW HITPOINT WARNING * * *
Your hound closely misses the steam dragon.
The steam dragon attacks as you move away!
The steam dragon bites you.
* * * LOW HITPOINT WARNING * * *
The steam dragon claws you.
* * * LOW HITPOINT WARNING * * *
Your hound barely misses the steam dragon.
The steam dragon breathes steam at you. The ball of steam hits you!!
You die...

#.# #.............
#.# #.#.###.######
#.#####.#.##...#* #
#.......#.#)###.#* #
#.#######..#* *#.# #
#.# #..* *.# # ##§##
#..#* **,#*#
#§§.######..,***,**,#
#§.§@.......,,,,,*,*.
#.D.######..****,**,#
#h### *,,,,,,,,,,.
#.#* **,**,,,,,,,
#..**** ***,**,*,****
##..,,***,,,,*,*,* *
*...,,,**,,,,,*,****
*#...,,,**,,,,*,,,,,
*#..D,,,**,,,,*****


You could see a steam dragon (catching breath, ally target) and a friendly hound
(summoned).

Vanquished Creatures
  Pargi (Sewer)
  A centaur (D:6)
  A necrophage (D:5)
  A scorpion (D:6)
  An orc priest (D:5)
  2 adders
  5 orcs
  2 ball pythons (D:1)
  2 endoplasms
  3 giant cockroaches
  3 hobgoblins
  3 jackals
  A kobold (D:2)
  2 quokkas
  3 bats
  A frilled lizard (D:2)
  3 rats
  A lurking horror (D:3)
36 creatures vanquished.

Vanquished Creatures (collateral kills)
  An ogre (D:6)
  A scorpion (D:6)
  2 hounds
  An orc priest (D:5)
  2 iguanas (D:5)
  2 orc wizards
  4 gnolls
  An adder (D:2)
  A shadow imp (D:5)
  3 white imps
  2 worms
  A dart slug (D:1)
  9 orcs
  2 endoplasms (D:1)
  A giant cockroach (D:1)
  2 goblins
  5 hobgoblins
  3 jackals
  A quokka (D:5)
  3 bats (D:1)
  4 kobolds
  3 rats
54 creatures vanquished.

Vanquished Creatures (others)
  A hound (D:5)
  An orc priest (D:6)
  An orc wizard (D:6)
  An iguana (D:6)
  A river rat (D:6)
  3 orcs
  A giant cockroach (D:3)
  A frilled lizard (D:3)
  2 lurking horrors (D:3)
12 creatures vanquished.

Grand Total: 102 creatures vanquished

Notes
Turn   | Place    | Note
-------+----------+-------------------------------------------
     0 | D:1      | firemarshallily the Merfolk Summoner began the quest for
                  | the Orb.
     0 | D:1      | Reached XP level 1. HP: 13/13 MP: 3/3
   359 | D:1      | Reached XP level 2. HP: 20/20 MP: 1/5
   362 | D:1      | Learned a level 2 spell: Call Imp
   470 | D:1      | Reached skill level 1 in Fighting
   578 | D:1      | Reached XP level 3. HP: 26/26 MP: 2/6
   973 | D:1      | Learned a level 3 spell: Call Canine Familiar
  1551 | D:2      | Found a faded altar of an unknown god.
  1561 | D:2      | Prayed at the altar of an unknown god.
  1561 | D:2      | Became a worshipper of Jiyva Joty the Shapeless
  1561 | D:2      | Reached * piety under Jiyva
  1673 | D:2      | Reached XP level 4. HP: 32/32 MP: 8/8
  1976 | D:3      | Found a one-way gate to the infinite horrors of the Abyss.
  1977 | D:3      | Found a corrupted altar of Lugonu.
  2085 | D:3      | Found Cunoimp's Weapon Shoppe.
  2112 | D:3      | Found Kuubbu's General Store.
  2136 | D:3      | Found Zacuo's Antique Weapon Emporium.
  2234 | D:3      | Reached ** piety under Jiyva
  2297 | D:3      | Found Vietruor's Weapon Emporium.
  2383 | D:3      | Found Baclott's Book Shoppe.
  2805 | D:4      | Found a staircase to the Ecumenical Temple.
  2895 | D:4      | Reached skill level 1 in Polearms
  3042 | D:4      | Reached XP level 5. HP: 36/38 MP: 9/9
  3087 | D:4      | Reached *** piety under Jiyva
  3096 | D:4      | Gained mutation: You have a small jelly attached to you
                  | that senses nearby items. [Jiyva's grace]
  3096 | D:4      | Gained mutation: Your muscles are strong. (Str +4, Int/Dex
                  | -1) [Jiyva's grace]
  3096 | D:4      | Gained mutation: Your muscles are very strong. (Str +8,
                  | Int/Dex -2) [Jiyva's grace]
  3096 | D:4      | Gained mutation: Your body has grown eyes which may confuse
                  | attackers. (Acc +3) [Jiyva's grace]
  3232 | D:5      | Entered Level 5 of the Dungeon
  3280 | D:5      | Reached skill level 5 in Summonings
  3296 | D:5      | Reached XP level 6. HP: 41/45 MP: 11/11
  3300 | D:5      | Identified the +2 leather armour of Negation {Will++
                  | Stlth-}
  3451 | D:5      | Reached **** piety under Jiyva
  3451 | D:5      | Found an iron altar of Okawaru.
  3532 | D:5      | Reached XP level 7. HP: 44/51 MP: 13/13
  3886 | D:6      | Reached skill level 6 in Summonings
  4014 | D:6      | Reached skill level 5 in Spellcasting
  4028 | D:6      | Found a burning altar of Makhleb.
  4044 | D:6      | Found a glowing drain.
  4064 | Sewer    | Entered a sewer
  4065 | Sewer    | Reached ***** piety under Jiyva
  4119 | Sewer    | Noticed Pargi
  4135 | Sewer    | Killed Pargi
  4136 | Sewer    | Reached XP level 8. HP: 44/60 MP: 15/15
  4272 | D:6      | Killed from afar by a steam dragon

Illustrated notes

Levels and vault maps discovered:
D:1:      ncdulo_wetmaze, layout_basic, minmay_misc_feat_room
D:2:      layout_loops_ring, dreamdust_ecumenical_altar_hidden_monk_grotto
D:3:      layout_basic, serial_shops, nicolae_shop_bloodbath_and_beyond, shop,
          shop, shop, shop, serial_rivers, chequers_serial_rivers_room_a,
          chequers_serial_rivers_room_a, chequers_serial_rivers_micro_c,
          chequers_serial_rivers_large_b, amcnicky_altar_lugonu_corruption
D:4:      layout_cave_pools, minmay_temple_entry_waves,
          hangedman_decor_diamond_cutter, kennysheep_another_room
D:5:      layout_basic, okawaru_gym_becter
D:6:      layout_loops_ring, marbit_many_paths, portal_sewer_entry_a,
          nrook_mini_backslash

Skill      XL: |  1  2  3  4  5  6  7 |
---------------+----------------------+-----
Fighting       | 1 2 3 |  3.7
Spellcasting   | 3 4 5 |  5.1
Polearms       | 1 2 3 |  3.0
Summonings     | 5 6 |  6.6
Dodging        | |  2.6
Stealth        | |  2.1

Action                   |  1- 3 |  4- 6 |  7- 9 || total
-------------------------+-------+-------+-------++-------
Melee: Mace              |    10 |       |       ||    10
       Spear             |    36 |    86 |    56 ||   178
       Punch             |     1 |     1 |     1 ||     3
       Tailslap          |       |       |     1 ||     1
 Cast: Summon Small Mamm |    45 |    28 |    13 ||    86
       Call Imp          |    10 |     9 |     7 ||    26
       Call Canine Famil |       |     6 |    10 ||    16
  Use: Scroll            |       |     4 |     1 ||     5
 Stab: Sleeping          |     2 |       |       ||     2
       Confused          |       |     1 |       ||     1
Armor: Robe              |    11 |     9 |     6 ||    26
Dodge: Dodged            |    22 |    41 |    44 ||   107
